 Dungeon Crawl Stone Soup version 0.31-a0-236-g9a0961fb85 (webtiles) character file.

Game seed: 8119436894256791883

1659 funkygono the Cleaver (level 8, -13/70 HPs)
             Began as a Minotaur Fighter on July 10, 2023.
             Mangled by a two-headed ogre
             ... wielding a +0 giant spiked club
              (27 damage)
             ... on level 5 of the Dungeon.
             The game lasted 00:07:47 (5247 turns).

funkygono the Cleaver (Minotaur Fighter)            Turns: 5247, Time: 00:07:48

Health: -13/70     AC: 10    Str: 23    XL:     8   Next: 68%
Magic:  7/7        EV: 10    Int:  5    God:
Gold:   115        SH: 10    Dex: 10    Spells: 7/7 levels left

rFire   . . .        a - +0 war axe (elec)
rCold   . . .        c - +0 buckler
rNeg    . . .        b - +0 scale mail
rPois   .            (helmet restricted)
rElec   .            n - +1 cloak
rCorr   .            (no gloves)
SInv    .            (no boots)
Will    .....        j - amulet of reflection Stlth
                     (no ring)
HPRegen 0.31/turn    (no ring)
MPRegen 0.10/turn

%: reflection
@: no status effects
A: horns 2, retaliatory headbutt
a: no special abilities


You were on level 5 of the Dungeon.
You visited 2 branches of the dungeon, and saw 6 of its levels.

You collected 190 gold pieces.
You spent 75 gold pieces at shops.

Inventory:

Hand Weapons
 a - a +0 war axe of electrocution (weapon)
Missiles
 g - 32 stones
 i - 17 poisoned darts
Armour
 b - a +0 scale mail (worn)
 c - a +0 buckler (worn)
 n - a +1 cloak (worn)
Jewellery
 h - an amulet of the acrobat
 j - an amulet of reflection (around neck)
 q - a ring of willpower
Scrolls
 e - 4 scrolls of fear
 l - a scroll of teleportation
 r - a scroll of brand weapon
 u - a scroll of amnesia {unknown}
Potions
 d - 3 potions of might
 f - a potion of ambrosia {unknown}
 k - a potion of brilliance
 m - a potion of mutation
 o - 3 potions of curing
 p - a potion of invisibility
 s - a potion of heal wounds
 t - a potion of enlightenment


   Skills:
 + Level 5.7 Fighting
 + Level 8.8 Axes
 + Level 8.0 Armour
 + Level 3.0 Dodging
 + Level 0.8 Stealth
 + Level 5.4 Shields


You had 7 spell levels left.
You didn't know any spells.
Your spell library contained the following spells:

 Spells                   Type           Power      Damage    Failure   Level
 Kiss of Death            Conj/Necr      0%         2d5       82%         1
 Poisonous Vapours        Pois/Air       0%         N/A       91%         2
 Confusing Touch          Hex            0%         N/A       99%         3
 Ignite Poison            Fire/Tmut/Pois 0%         N/A       99%         3
 Mephitic Cloud           Conj/Pois/Air  0%         N/A       99%         3
 Dispel Undead            Necr           0%         3d6       100%        4
 Sticky Flame             Conj/Fire      0%         2d3       100%        4
 Freezing Cloud           Conj/Ice/Air   0%         6-21      100%        5
 Ignition                 Fire           0%         3d3       100%        8


Dungeon Overview and Level Annotations

Branches:
Dungeon (5/15)             Temple (1/1) D:4

Altars:
Ashenzari
Cheibriados
Dithmenos
Elyvilon
Gozag
Hepliaklqana
Kikubaaqudgha
Makhleb
Nemelex Xobeh
Qazlal
Ru
Trog
Uskayaw
Vehumet
Xom
Yredelemnul
Zin
The Shining One

Shops:
D:2 !??[


Innate Abilities, Weirdness & Mutations

You have a pair of horns on your head.
You reflexively headbutt those who attack you in melee.


Message History

Blork the orc is heavily wounded.
Blork the orc gestures wildly while chanting.
Blork the orc seems to speed up.
You hit Blork the orc.
Blork the orc is severely wounded.
Blork the orc screams, "I'll crush all your ribs!
One by one!"
Blork the orc hits you but does no damage.
You slash Blork the orc! You headbutt Blork the orc.
You kill Blork the orc!
Things that are here:
a +0 mace; a +0 robe
d - 3 potions of might (gained 1)
Found a bloodstained altar of Trog.
A two-headed ogre comes into view.
It is wielding a +0 giant spiked club and a +0 giant club.
The two-headed ogre shouts in stereo!
You barely miss the two-headed ogre. You headbutt the two-headed ogre!
The two-headed ogre is lightly wounded.
The two-headed ogre hits you with a +0 giant spiked club!
The two-headed ogre hits you with a +0 giant club!
You slash the two-headed ogre! You headbutt the two-headed ogre.
The two-headed ogre is heavily wounded.
The two-headed ogre hits you with a +0 giant spiked club!
The two-headed ogre closely misses you.
You hit the two-headed ogre.
The two-headed ogre is heavily wounded.
You closely miss the two-headed ogre.
You headbutt the two-headed ogre, but do no damage.
The two-headed ogre is heavily wounded.
You block the two-headed ogre's attack.
The two-headed ogre hits you but does no damage.
You closely miss the two-headed ogre.
The two-headed ogre is heavily wounded.
The two-headed ogre hits you with a +0 giant spiked club!
The two-headed ogre hits you with a +0 giant club!
* * * LOW HITPOINT WARNING * * *
You slash the two-headed ogre!
Lightning courses through the two-headed ogre!!
The two-headed ogre is almost dead.
The two-headed ogre hits you with a +0 giant spiked club!!
You die...

#.......P._.P......# #..
##...#.............# #.#
##...####.........## #.
##..# ##.........# ##. #...#
##........# # ##.. ##...#
##.......# .###...
##...#####......####...##...
#.................#..#...
#.#######@O.....### #....
#####...# #....# #..##
#..... §§§§§§§# ....# #.###.
§§§§§§§# .....# ## §8§§§§§#
...#..# # ###§§§§# ##._...#
## #_#§§§§# #..#.## #.
#.#§§§§# #..


You could see a two-headed ogre.

Vanquished Creatures
  Pikel (D:4)
  A komodo dragon (D:5)
  A black bear (D:5)
  An ogre (D:4)
  2 phantoms (D:5)
  Blork the orc (D:5)
  2 scorpions
  A howler monkey (D:4)
  A jelly (D:4)
  Crazy Yiuf (D:3)
  An orc priest (D:5)
  Jessica (D:3)
  An iguana (D:4)
  2 orc wizards (D:5)
  Robin (D:3)
  7 gnolls
  4 adders
  2 worms
  2 dart slugs (D:1)
  4 orcs
  14 endoplasms
  2 giant cockroaches
  12 goblins
  14 hobgoblins
  5 jackals (D:1)
  4 quokkas
  8 ball pythons
  7 bats
  3 frilled lizards
  5 kobolds
  6 rats
117 creatures vanquished.

Notes
Turn   | Place    | Note
-------+----------+-------------------------------------------
     0 | D:1      | funkygono the Minotaur Fighter began the quest for the Orb.
     0 | D:1      | Reached XP level 1. HP: 19/19 MP: 0/0
    17 | D:1      | Reached XP level 2. HP: 18/27 MP: 1/1
   276 | D:1      | Reached XP level 3. HP: 26/33 MP: 2/2
   671 | D:2      | Found Sarux's Distillery.
   764 | D:2      | Found Ymufun's Magic Scroll Emporium.
   777 | D:2      | Bought a scroll of identify for 26 gold pieces
   922 | D:2      | Found Amumo's Armour Boutique.
  1083 | D:2      | Reached XP level 4. HP: 41/41 MP: 3/3
  1288 | D:2      | Found Amujasu's Magic Scroll Shoppe.
  1466 | D:2      | Bought a +0 cloak for 49 gold pieces
  1543 | D:3      | Noticed Robin
  1629 | D:3      | Killed Robin
  1630 | D:3      | Reached skill level 1 in Dodging
  1975 | D:3      | Found a bloodstained altar of Trog.
  2023 | D:3      | Found a shadowy altar of Dithmenos.
  2049 | D:3      | Found a hazy altar of Hepliaklqana.
  2103 | D:3      | Found a faded altar of an unknown god.
  2114 | D:3      | Found a radiant altar of Vehumet.
  2208 | D:3      | Found a runed translucent door.
  2209 | D:3      | Noticed Crazy Yiuf
  2242 | D:3      | Noticed Jessica
  2247 | D:3      | Killed Jessica
  2248 | D:3      | Reached XP level 5. HP: 46/47 MP: 4/4
  2400 | D:3      | Killed Crazy Yiuf
  2401 | D:3      | Reached skill level 5 in Armour
  2669 | D:4      | Found a staircase to the Ecumenical Temple.
  2691 | Temple   | Entered the Ecumenical Temple
  3302 | D:4      | Reached XP level 6. HP: 39/53 MP: 5/5
  3385 | D:4      | Reached skill level 5 in Axes
  3721 | D:4      | Noticed Pikel
  3727 | D:4      | Killed Pikel
  3728 | D:4      | Reached skill level 5 in Fighting
  3728 | D:4      | Reached XP level 7. HP: 58/61 MP: 6/6
  4463 | D:5      | Entered Level 5 of the Dungeon
  4667 | D:5      | Found a stormy altar of Qazlal.
  4728 | D:5      | Reached XP level 8. HP: 63/68 MP: 7/7
  4884 | D:5      | Noticed a komodo dragon
  4894 | D:5      | Killed a komodo dragon
  4895 | D:5      | Reached skill level 5 in Shields
  5029 | D:5      | Found a hide-covered altar of Uskayaw.
  5182 | D:5      | Found a snail-covered altar of Cheibriados.
  5185 | D:5      | Noticed Blork the orc
  5204 | D:5      | Killed Blork the orc
  5233 | D:5      | Found a bloodstained altar of Trog.
  5234 | D:5      | Noticed a two-headed ogre
  5247 | D:5      | Mangled by a two-headed ogre

Illustrated notes

Levels and vault maps discovered:
D:1:      minmay_arrival_radiant_lines, layout_rooms, serial_curves,
          eino_curves_01, eino_curves_01, eino_curves_01, eino_curves_02,
          kennysheep_nondescript, minmay_close_crescents
D:2:      layout_basic, serial_shops, shop, nicolae_shop_tiny_waterfront,
          nicolae_shop_rolled_up, shop, minmay_misc_feat_square,
          chequers_serial_rivers_micro_c
D:3:      layout_basic, nicolae_overflow_hidden_temple,
          nicolae_hepliaklqana_hazy_memory, mainiacjoe_overflow_catch_the_wave,
          ebering_ecumenical_altar_hall, hangedman_decor_diamond_cutter,
          roderic_lattice_a, uniq_jessica, uniq_robin, uniq_crazy_yiuf_cottage
D:4:      layout_layer_cave, minmay_temple_entry_statues_fountains, uniq_pikel
D:5:      layout_cave_pods, mainiacjoe_overflow_tiny_flanked,
          nicolae_qazlal_eye_of_the_storm, hangedman_feature_mirror,
          chequers_serial_rivers_large_a, minmay_hedge_maze, uniq_blork_the_orc
Temple:   minmay_temple_bridge_abc

Skill      XL: |  1  2  3  4  5  6  7  8 |
---------------+-------------------------+-----
Fighting       | 4 5 |  5.7
Armour         | 4 5 6 7 8 |  8.0
Shields        | 4 5 |  5.4
Axes           | 3 4 7 8 |  8.8
Dodging        | 1 2 3 |  3.0
Stealth        | |  0.8

Action                     |  1- 3 |  4- 6 |  7- 9 || total
---------------------------+-------+-------+-------++-------
  Melee: War axe           |    76 |   122 |    94 ||   292
         Headbutt          |     9 |    22 |    17 ||    48
    Use: Scroll            |       |     9 |     6 ||    15
 Armour: Scale mail        |    41 |    48 |    33 ||   122
  Dodge: Dodged            |    48 |    47 |    32 ||   127
  Block: Buckler           |    24 |    74 |    28 ||   126
         Reflection        |       |     1 |       ||     1

Table legend: (Time is in decaauts)
 A = Elapsed time spent in this place.
 B = Non-inter-level travel time spent in this place.
 C = Inter-level travel time spent in this place.
 D = Time resting spent in this place.
 E = Time spent auto-exploring this place.
 F = Levels seen in this place.
 G = Mean time per level.
                   A        B        C        D        E       F      G
               +--------+--------+--------+--------+--------+-----+--------+
         Total |   5337 |   5192 |    145 |      0 |   4113 |   6 |  889.5 |
       Dungeon |   5074 |   4967 |    107 |      0 |   3910 |   5 | 1014.8 |
        Temple |    263 |    226 |     37 |      0 |    203 |   1 |  263.0 |
               +--------+--------+--------+--------+--------+-----+--------+

Top non-repeatable levels by time:
     D:4: 1555 daAuts
     D:3: 1089 daAuts
     D:2: 951 daAuts
     D:5: 796 daAuts
     D:1: 680 daAuts
  Temple: 263 daAuts
